cohdb
Replays
Latest Replays
All Replays
Popular Replays
Top Player Replays
Match Explorer
How It Works
Community
CoH3 Stats
Reddit
Sign in to upload your games and track your stats! →
Sign in with Steam
Match 42011555
Unlisted
Match 42011555
Overview
Messages
Build Orders
End
Royal Engineer Section
Construct Section Command Post
Infantry Section
Infantry Section
Infantry Section
Construct Field Infirmary
Construct Platoon Command Post
Selects Canadian Shock Battlegroup
Selects Attacking Spirit
Selects Canadian Shock Section
Canadian Shock Section
Selects Incendiary Munitions
Humber Armored Car
Selects Pyrotechnics
Infantry Training
Canadian Shock Section
Vickers Machine Gun Team
Selects Churchill Crocodile Heavy Tank
Churchill Crocodile Heavy Tank
6-pounder Anti-tank Gun Team
Selects Point Assault
6-pounder Anti-tank Gun Team
Point Assault
Team Weapon Training
Grenade Package
Construct Company Command Post
HulkSMASH
⚓️Ruby⚓
0
0
Comments
sign in to comment!
No comments posted yet!